| TOP OF THE 1ST |
|
Binghamton Mets batting - Pitching for Wisconsin Timber Rattlers : RHP Jun Yamashita
|
|
Pitching: RHP Jun Yamashita
|
|
|
Batting: RHB Michael Youngberry
|
0-0: Called Strike 0-1: Ball 1-1: Swinging Strike 1-2: Ball 2-2: Strikes out swinging
|
|
Batting: SHB Nick Daigle
|
0-0: Called Strike 0-1: Ball 1-1: Swinging Strike 1-2: Ball 2-2: Ball 3-2: Base on Balls
|
|
Batting: SHB Tyler Maddux
|
0-0: Ball Nick Daigle is caught stealing 2nd base 2-6 1-0: Ground out 4-3 (Groundball, 4, EV 89.4 MPH)
|
| Top of the 1st over - 0 runs, 0 hits, 0 errors, 0 left on base; Binghamton 0 - Wisconsin 0 |
| BOTTOM OF THE 1ST |
|
Wisconsin Timber Rattlers batting - Pitching for Binghamton Mets : RHP Dan Mathews
|
|
Pitching: RHP Dan Mathews
|
|
|
Batting: RHB Wiliama Dana
|
0-0: Foul Ball, location: 2F 0-1: Foul Ball, location: 2F 0-2: Foul Ball, location: 2F 0-2: Ball 1-2: Ball 2-2: Ball 3-2: Base on Balls
|
|
Batting: RHB Victor Alarcon
|
0-0: Foul Ball, location: 2F 0-1: Foul Ball, location: 2F 0-2: Fly out, F8 (Flyball, 8RD, EV 93.1 MPH)
|
|
Batting: RHB Tristan Smeets
|
0-0: Called Strike 0-1: Hit by Pitch Wiliama Dana to second
|
|
Batting: SHB Ramon Perez
|
0-0: Called Strike 0-1: Swinging Strike 0-2: 3-RUN HOME RUN (Flyball, 89XD, EV 105.0 MPH), Distance : 417 ft
|
|
Batting: RHB Alfredo Sena
|
0-0: Foul Ball, location: 2F 0-1: Ball 1-1: Ball 2-1: Called Strike 2-2: Ball 3-2: Base on Balls
|
|
Batting: LHB Mark Backstrom
|
0-0: Ball 1-0: Grounds into double play, 4-6-3 (Groundball, 4, EV 88.8 MPH)
|
| Bottom of the 1st over - 3 runs, 1 hit, 0 errors, 0 left on base; Binghamton 0 - Wisconsin 3 |
| TOP OF THE 2ND |
|
Binghamton Mets batting - Pitching for Wisconsin Timber Rattlers : RHP Jun Yamashita
|
|
Batting: RHB Oscar Bravo
|
0-0: Ground out 5-3 (Groundball, 56, EV 83.1 MPH)
|
|
Batting: RHB Sam Callahan
|
0-0: Ball 1-0: Ball 2-0: TRIPLE (Flyball, 89XD, EV 98.8 MPH)
|
|
Batting: RHB Enrique Aguirre
|
0-0: Fly out, F7 (Line Drive, 7, EV 100.0 MPH) Runner from 3rd tags up, SCORES, throw by LF
|
|
Batting: RHB Ryan Marler
|
0-0: Ball 1-0: Ball 2-0: Fly out, F8 (Flyball, 89S, EV 81.9 MPH)
|
| Top of the 2nd over - 1 run, 1 hit, 0 errors, 0 left on base; Binghamton 1 - Wisconsin 3 |
| BOTTOM OF THE 2ND |
|
Wisconsin Timber Rattlers batting - Pitching for Binghamton Mets : RHP Dan Mathews
|
|
Batting: RHB Ryan Miller
|
0-0: Foul Ball, location: 2F 0-1: Swinging Strike 0-2: Ball 1-2: Ball 2-2: SINGLE (Groundball, 4S, EV 64.4 MPH) (infield hit)
|
|
Batting: SHB Robert Sayer
|
0-0: Ball Ryan Miller steals 2nd base 1-0: Ground out 6-3 (Groundball, 6MD, EV 96.9 MPH) Ryan Miller to third
|
|
Batting: RHB Michael Dickerson
|
0-0: Ball 1-0: Ball 2-0: Ball 3-0: Base on Balls
|
|
Batting: RHB Wiliama Dana
|
0-0: Ball 1-0: Ball 2-0: Ball 3-0: Called Strike 3-1: Foul Ball, location: 2F 3-2: Foul Ball, location: 2F 3-2: Base on Balls Michael Dickerson to second
|
|
Batting: RHB Victor Alarcon
|
0-0: Ball 1-0: Called Strike 1-1: Swinging Strike 1-2: Fielders Choice at 2nd, 3-6 (Groundball, 34, EV 81.2 MPH) Ryan Miller scores Michael Dickerson to third
|
|
Batting: RHB Tristan Smeets
|
0-0: Ball 1-0: Foul Ball, location: 2F 1-1: Foul Ball, location: 2F 1-2: Hit by Pitch Victor Alarcon to second
|
|
Batting: SHB Ramon Perez
|
0-0: Ball 1-0: Ball 2-0: Ball Wild Pitch! Michael Dickerson scores Victor Alarcon to third Tristan Smeets to second 3-0: Base on Balls
|
|
Pitching: RHP Rome Corona
|
|
|
Batting: RHB Alfredo Sena
|
0-0: Called Strike 0-1: Swinging Strike 0-2: Strikes out looking
|
| Bottom of the 2nd over - 2 runs, 1 hit, 0 errors, 3 left on base; Binghamton 1 - Wisconsin 5 |
| TOP OF THE 3RD |
|
Binghamton Mets batting - Pitching for Wisconsin Timber Rattlers : RHP Jun Yamashita
|
|
Batting: RHB Roberto Delgado
|
0-0: Ball 1-0: Ball 2-0: Called Strike 2-1: Swinging Strike 2-2: Strikes out looking
|
|
Batting: RHB Reginald McDougall
|
0-0: Foul Ball, location: 2F 0-1: Swinging Strike 0-2: Ball 1-2: Strikes out swinging
|
|
Batting: RHB Michael Youngberry
|
0-0: Called Strike 0-1: Foul Ball, location: 2F 0-2: Ball 1-2: Strikes out swinging
|
| Top of the 3rd over - 0 runs, 0 hits, 0 errors, 0 left on base; Binghamton 1 - Wisconsin 5 |
| BOTTOM OF THE 3RD |
|
Wisconsin Timber Rattlers batting - Pitching for Binghamton Mets : RHP Rome Corona
|
|
Batting: LHB Mark Backstrom
|
0-0: Called Strike 0-1: Ball 1-1: Ball 2-1: Ball 3-1: Swinging Strike 3-2: Base on Balls
|
|
Batting: RHB Ryan Miller
|
0-0: Ball 1-0: Swinging Strike 1-1: Swinging Strike 1-2: Strikes out swinging
|
|
Batting: SHB Robert Sayer
|
0-0: Ball 1-0: Fielders Choice at 2nd, 3-6 (Groundball, 3, EV 109.4 MPH)
|
|
Batting: RHB Michael Dickerson
|
0-0: Called Strike 0-1: Ball 1-1: Foul Ball, location: 2F 1-2: Ball Robert Sayer is caught stealing 2nd base 2-4
|
| Bottom of the 3rd over - 0 runs, 0 hits, 0 errors, 0 left on base; Binghamton 1 - Wisconsin 5 |
| TOP OF THE 4TH |
|
Binghamton Mets batting - Pitching for Wisconsin Timber Rattlers : RHP Jun Yamashita
|
|
Batting: SHB Nick Daigle
|
0-0: Ball 1-0: Ball 2-0: Called Strike 2-1: Called Strike 2-2: Strikes out swinging
|
|
Batting: SHB Tyler Maddux
|
0-0: Fly out, F9 (Line Drive, 89D, EV 98.8 MPH)
|
|
Batting: RHB Oscar Bravo
|
0-0: Called Strike 0-1: Called Strike 0-2: Ground out 4-3 (Groundball, 4M, EV 88.8 MPH)
|
| Top of the 4th over - 0 runs, 0 hits, 0 errors, 0 left on base; Binghamton 1 - Wisconsin 5 |
| BOTTOM OF THE 4TH |
|
Wisconsin Timber Rattlers batting - Pitching for Binghamton Mets : RHP Rome Corona
|
|
Batting: RHB Michael Dickerson
|
0-0: Called Strike 0-1: Foul Ball, location: 2F 0-2: Strikes out swinging
|
|
Batting: RHB Wiliama Dana
|
0-0: Ball 1-0: Ball 2-0: Ball 3-0: Base on Balls
|
|
Batting: RHB Victor Alarcon
|
0-0: Ball 1-0: Ball 2-0: Fielders Choice at 2nd, 6-4 (Groundball, 6, EV 95.0 MPH)
|
|
Batting: RHB Tristan Smeets
|
0-0: Called Strike 0-1: Ball 1-1: Called Strike 1-2: Foul Ball, location: 2F 1-2: SINGLE (Groundball, 34D, EV 108.8 MPH) Victor Alarcon to second Runner from 2nd tries for 3rd, SAFE, throw by RF made at trailing runner, OUT! 9-6
|
| Bottom of the 4th over - 0 runs, 1 hit, 0 errors, 1 left on base; Binghamton 1 - Wisconsin 5 |
| TOP OF THE 5TH |
|
Binghamton Mets batting - Pitching for Wisconsin Timber Rattlers : RHP Jun Yamashita
|
|
Batting: RHB Sam Callahan
|
0-0: Ball 1-0: Ball 2-0: Foul Ball, location: 2F 2-1: Swinging Strike 2-2: Foul Ball, location: 2F 2-2: Fly out, F8 (Flyball, 8RD, EV 79.4 MPH)
|
|
Batting: RHB Enrique Aguirre
|
0-0: Ball 1-0: Called Strike 1-1: Foul Ball, location: 2F 1-2: SINGLE (Groundball, 6MD, EV 95.6 MPH)
|
|
Batting: RHB Ryan Marler
|
0-0: Ball 1-0: Ball 2-0: Fly out, F7 (Flyball, 7LS, EV 95.0 MPH)
|
|
Batting: RHB Roberto Delgado
|
0-0: Fly out, F7 (Flyball, 7LD, EV 93.1 MPH)
|
| Top of the 5th over - 0 runs, 1 hit, 0 errors, 1 left on base; Binghamton 1 - Wisconsin 5 |
| BOTTOM OF THE 5TH |
|
Wisconsin Timber Rattlers batting - Pitching for Binghamton Mets : RHP Rome Corona
|
|
Batting: SHB Ramon Perez
|
0-0: Ball 1-0: Ground out 3-1 (Groundball, 34, EV 106.2 MPH)
|
|
Batting: RHB Alfredo Sena
|
0-0: Swinging Strike 0-1: Foul Ball, location: 2F 0-2: Ball 1-2: Ball 2-2: Fly out, F8 (Flyball, 8LXD, EV 93.1 MPH)
|
|
Batting: LHB Mark Backstrom
|
0-0: Ball 1-0: Ball 2-0: Ball 3-0: Base on Balls
|
|
Batting: RHB Ryan Miller
|
0-0: Ball 1-0: Ball 2-0: Ground out 2-3 (Groundball, 2L, EV 65.6 MPH)
|
| Bottom of the 5th over - 0 runs, 0 hits, 0 errors, 1 left on base; Binghamton 1 - Wisconsin 5 |
| TOP OF THE 6TH |
|
Binghamton Mets batting - Pitching for Wisconsin Timber Rattlers : RHP Jun Yamashita
|
|
Batting: RHB Reginald McDougall
|
0-0: Called Strike 0-1: Ball 1-1: Ball 2-1: Ball 3-1: Foul Ball, location: 2F 3-2: Strikes out swinging
|
|
Batting: RHB Michael Youngberry
|
0-0: Swinging Strike 0-1: Ball 1-1: Foul Ball, location: 2F 1-2: Strikes out swinging
|
|
Batting: SHB Nick Daigle
|
0-0: Called Strike 0-1: Ball 1-1: Called Strike 1-2: Ball 2-2: Fly out, F5 (Line Drive, 56, EV 66.2 MPH)
|
| Top of the 6th over - 0 runs, 0 hits, 0 errors, 0 left on base; Binghamton 1 - Wisconsin 5 |
| BOTTOM OF THE 6TH |
|
Wisconsin Timber Rattlers batting - Pitching for Binghamton Mets : RHP Rome Corona
|
|
Batting: SHB Robert Sayer
|
0-0: Called Strike 0-1: Called Strike 0-2: Ground out U3 (Groundball, 3, EV 86.9 MPH)
|
|
Batting: RHB Michael Dickerson
|
0-0: Fly out, F6 (Line Drive, 6, EV 71.9 MPH)
|
|
Batting: RHB Wiliama Dana
|
0-0: Called Strike 0-1: Swinging Strike 0-2: Ball 1-2: Strikes out swinging
|
| Bottom of the 6th over - 0 runs, 0 hits, 0 errors, 0 left on base; Binghamton 1 - Wisconsin 5 |
| TOP OF THE 7TH |
|
Binghamton Mets batting - Pitching for Wisconsin Timber Rattlers : RHP Jun Yamashita
|
|
Batting: SHB Tyler Maddux
|
0-0: SINGLE (Flyball, 78S, EV 89.4 MPH)
|
|
Batting: RHB Oscar Bravo
|
0-0: Called Strike 0-1: Ball Tyler Maddux is caught stealing 2nd base 2-4 1-1: Swinging Strike 1-2: Foul Ball, location: 2F 1-2: Strikes out swinging
|
|
Batting: RHB Sam Callahan
|
0-0: Ground out 5-3 (Groundball, 5L, EV 108.8 MPH)
|
| Top of the 7th over - 0 runs, 1 hit, 0 errors, 0 left on base; Binghamton 1 - Wisconsin 5 |
| BOTTOM OF THE 7TH |
|
Wisconsin Timber Rattlers batting - Pitching for Binghamton Mets : RHP Rome Corona
|
|
Pitching: RHP Kyle Moser
|
|
|
Batting: RHB Victor Alarcon
|
0-0: Called Strike 0-1: Ball 1-1: Ground out 3-1 (Groundball, 34, EV 82.5 MPH)
|
|
Batting: RHB Tristan Smeets
|
0-0: Ground out 6-3 (Groundball, 6, EV 93.8 MPH)
|
|
Batting: SHB Ramon Perez
|
0-0: Called Strike 0-1: Ball 1-1: Fly out, F8 (Flyball, 8RXD, EV 95.0 MPH)
|
| Bottom of the 7th over - 0 runs, 0 hits, 0 errors, 0 left on base; Binghamton 1 - Wisconsin 5 |
| TOP OF THE 8TH |
|
Binghamton Mets batting - Pitching for Wisconsin Timber Rattlers : RHP Jun Yamashita
|
|
Batting: RHB Enrique Aguirre
|
0-0: Ball 1-0: Called Strike 1-1: Ball 2-1: Fly out, F7 (Line Drive, 7S, EV 103.8 MPH)
|
|
Batting: RHB Ryan Marler
|
0-0: Ball 1-0: Ball 2-0: Swinging Strike 2-1: Swinging Strike 2-2: Strikes out looking
|
|
Batting: RHB Roberto Delgado
|
0-0: Ball 1-0: Called Strike 1-1: Ball 2-1: Foul Ball, location: 2F 2-2: Strikes out looking
|
| Top of the 8th over - 0 runs, 0 hits, 0 errors, 0 left on base; Binghamton 1 - Wisconsin 5 |
| BOTTOM OF THE 8TH |
|
Wisconsin Timber Rattlers batting - Pitching for Binghamton Mets : RHP Kyle Moser
|
|
Batting: RHB Alfredo Sena
|
0-0: Ball 1-0: Foul Ball, location: 2F 1-1: Foul Ball, location: 2F 1-2: Strikes out looking
|
|
Batting: LHB Mark Backstrom
|
0-0: Ball 1-0: Ground out 6-3 (Groundball, 6, EV 86.2 MPH)
|
|
Batting: RHB Ryan Miller
|
0-0: Ball 1-0: Ball 2-0: Foul Ball, location: 2F 2-1: Called Strike 2-2: Ball 3-2: Ground out 4-3 (Groundball, 4, EV 106.9 MPH)
|
| Bottom of the 8th over - 0 runs, 0 hits, 0 errors, 0 left on base; Binghamton 1 - Wisconsin 5 |
| TOP OF THE 9TH |
|
Binghamton Mets batting - Pitching for Wisconsin Timber Rattlers : RHP Jun Yamashita
|
|
Pitching: RHP Ernie Borden
|
|
|
Batting: RHB Reginald McDougall
|
0-0: Ball 1-0: Called Strike 1-1: Swinging Strike 1-2: Ball 2-2: Strikes out swinging, 2-3 out at first.
|
|
Batting: RHB Michael Youngberry
|
0-0: Called Strike 0-1: Ball 1-1: Ball 2-1: SINGLE (Groundball, 4MS, EV 64.4 MPH) (infield hit)
|
|
Batting: SHB Nick Daigle
|
0-0: Ball 1-0: Fielders Choice at 2nd, 6-4 (Groundball, 6M, EV 108.8 MPH)
|
|
Batting: SHB Tyler Maddux
|
0-0: Foul Ball, location: 2F 0-1: SINGLE (Groundball, 4MD, EV 106.9 MPH) Nick Daigle to second
|
|
Pitching: RHP Alejandro Souto
|
|
|
Batting: RHB Oscar Bravo
|
0-0: Ball 1-0: Ball 2-0: Ball 3-0: Base on Balls Nick Daigle to third Tyler Maddux to second
|
|
Batting: RHB Sam Callahan
|
0-0: Foul Ball, location: 2F 0-1: Called Strike 0-2: Fly out, F9 (Line Drive, 9, EV 88.1 MPH)
|
| Top of the 9th over - 0 runs, 2 hits, 0 errors, 3 left on base; Binghamton 1 - Wisconsin 5 |
|